 Dungeon Crawl Stone Soup version 0.29-a0-11-ga75d3d97ab (webtiles) character file.

Game seed: 11814058051084245083

13917 funkygono the Arsonist (level 12, 0/62 HPs)
             Began as a Gargoyle Fire Elementalist on Jan 28, 2022.
             Was a Priest of Vehumet.
             Slain by a skeletal warrior (14 damage)
             ... led by a skeletal warrior
             ... on level 11 of the Dungeon.
             The game lasted 00:23:59 (14630 turns).

funkygono the Arsonist (GrFE)                      Turns: 14630, Time: 00:24:00

Health: 0/62       AC: 25    Str: 11    XL:     12   Next: 11%
Magic:  17/26      EV: 11    Int: 30    God:    Vehumet [***...]
Gold:   509        SH:  0    Dex: 10    Spells: 12/32 levels left

rFire   + . .      SeeInvis +   z - +2 flail (drain)
rCold   . . .      Faith    .   (no shield)
rNeg    + . .      Spirit   .   x - +1 acid dragon scales
rPois   ∞          Reflect  .   y - +2 hat
rElec   +          Harm     .   A - +1 cloak
rCorr   +          Rampage  .   h - +2 pair of gloves
Will    .....                   q - +0 pair of boots "Retiups" {Int+4}
Stlth   +.........              (no amulet)
HPRegen 0.20/turn               J - ring "Fexzext" {Wiz Fly rF+ Int+4}
MPRegen 0.20/turn               E - ring of see invisible

@: flying
A: sickness immunity, AC +8, negative energy resistance 1, electricity
resistance, torment resistance 1, petrification resistance
a: Renounce Religion


You were on level 11 of the Dungeon.
You worshipped Vehumet.
Vehumet was most pleased with you.
You visited 2 branches of the dungeon, and saw 12 of its levels.
You also visited: Sewer.

You collected 509 gold pieces.

Inventory:

Hand Weapons
 j - a +0 whip
 z - a +2 flail of draining (weapon)
 H - a +2 great sword of protection
Missiles
 f - 526 stones
 s - 2 throwing nets
Armour
 a - a +0 robe
 b - a +0 leather armour
 h - a +2 pair of gloves (worn)
 q - the +0 pair of boots "Retiups" (worn) {Int+4}
   (You acquired it on level 4 of the Dungeon)

   Int:       It affects your intelligence (+4).
 v - a +0 helmet
 x - +1 acid dragon scales (worn)
 y - a +2 hat (worn)
 A - a +1 cloak (worn)
 K - +0 steam dragon scales
 L - a +0 troll leather armour
 N - the +1 leather armour of Tomavob {Int+2}
   (You found it on level 11 of the Dungeon)

   Int:       It affects your intelligence (+2).
Jewellery
 l - a ring of protection from fire
 u - a ring of protection from cold
 C - a ring of wizardry
 E - a ring of see invisible (right hand)
 J - the ring "Fexzext" (left hand) {Wiz Fly rF+ Int+4}
   (You found it on level 8 of the Dungeon)

   [ring of wizardry]

   It improves your spell success rate.
   Int:       It affects your intelligence (+4).
   rF:        It protects you from fire.
   Fly:       It grants you flight.
Wands
 k - a wand of paralysis (22)
 O - a wand of iceblast (7)
 Q - a wand of mindburst (5)
Scrolls
 g - 7 scrolls of teleportation
 p - a scroll of magic mapping
 r - 2 scrolls of immolation
 B - 3 scrolls of torment
 G - 3 scrolls of fog
 I - 2 scrolls of blinking
 M - 2 scrolls of identify
Potions
 c - 3 potions of attraction
 d - 3 potions of flight
 e - 5 potions of curing
 i - 4 potions of heal wounds
 m - 3 potions of might
 n - a potion of invisibility {unknown}
 o - 3 potions of lignification
 t - a potion of haste {unknown}
 w - a potion of brilliance {unknown}
 D - 2 potions of mutation
 F - a potion of resistance {unknown}
 P - a potion of berserk rage {unknown}


   Skills:
 + Level 2.2 Fighting
 + Level 3.5 Maces & Flails
 * Level 4.2 Armour
 + Level 2.9 Dodging
 - Level 2.1 Stealth
 * Level 10.5 Spellcasting
 * Level 9.0 Conjurations
 * Level 10.5 Fire Magic
 + Level 4.6 Earth Magic
 * Level 4.4 Poison Magic


You had 12 spell levels left.
You knew the following spells:

 Your Spells              Type           Power      Damage    Failure   Level
a - Foxfire               Conj/Fire      100%       2x1d9     1%          1
b - Scorch                Fire           100%       2d10      1%          2
c - Conjure Flame         Conj/Fire      65%        6-21      1%          3
d - Flame Wave            Conj/Fire      65%        2d12      1%          4
e - Sting                 Tmut/Pois      100%       1d8       1%          1
f - Olgreb's Toxic Radia  Pois           42%        N/A       1%          4
g - Stone Arrow           Conj/Erth      100%       3d13      1%          3
h - Searing Ray           Conj           100%       2d8       1%          2

Your spell library contained the following spells:

 Spells                   Type           Power      Damage    Failure   Level
 Ignite Poison            Fire/Tmut/Pois 45%        N/A       1%          3
 Sandblast                Erth           86%        2d18      1%          1
 Slow                     Hex            60%        N/A       1%          1
 Summon Small Mammal      Summ           60%        N/A       1%          1
 Passwall                 Tmut/Erth      24%        N/A       1%          2
 Poisonous Vapours        Pois/Air       58%        N/A       1%          2
 Inner Flame              Hex/Fire       47%        N/A       1%          3
 Irradiate                Conj/Tmut      21%        3d20      2%          5
 Call Canine Familiar     Summ           15%        N/A       6%          3
 Gell's Gravitas          Tloc           15%        N/A       6%          3
 Lesser Beckoning         Tloc           15%        N/A       6%          3
 Portal Projectile        Hex/Tloc       30%        N/A       6%          3
 Summon Guardian Golem    Hex/Summ       15%        N/A       6%          3
 Teleport Other           Tloc           15%        N/A       6%          3
 Tukima's Dance           Hex            15%        N/A       6%          3
 Petrify                  Tmut/Erth      29%        N/A       8%          4
 Yara's Violent Unravell  Hex/Tmut       7%         3d5       14%         5
 Cause Fear               Hex            7%         N/A       21%         4
 Passage of Golubria      Tloc           15%        N/A       21%         4
 Blade Hands              Tmut           7%         N/A       45%         5
 Excruciating Wounds      Necr           7%         N/A       45%         5
 Sublimation of Blood     Necr           Unusable   N/A       N/A         2

Dungeon Overview and Level Annotations

Branches:
Dungeon (11/15)            Temple (1/1) D:7            Lair (0/6) D:11
  Sewer (visited)
    Orc: D:9-12

Altars:
Ashenzari
Cheibriados
Dithmenos
Elyvilon
Fedhas
Gozag
Hepliaklqana
Kikubaaqudgha
Makhleb
Nemelex Xobeh
Okawaru
Qazlal
Ru
Sif Muna
Trog
Uskayaw
Vehumet
Wu Jian
Xom
Yredelemnul
Zin
The Shining One

Shops:
D:1 :   D:3 *   D:5 *   D:6 ?

Annotations:
D:9 3 runed translucent doors
D:10 1 runed translucent door, benappo's ghost, journeyman DjCj


Innate Abilities, Weirdness & Mutations

You are immune to sickness and miasma.
Your stone body is resilient. (AC +8)
You are immune to poison.
You resist negative energy. (rN+)
You are resistant to electric shocks. (rElec)
You are resistant to unholy torment.
You are immune to petrification.


Message History

The foxfire hits the skeletal warrior but does no damage. x2
The skeletal warrior is lightly damaged.
The skeletal warrior hits you with a +0 glaive!
You hit the skeletal warrior but do no damage.
The skeletal warrior hits you but does no damage.
The skeletal warrior hits you with a +0 mace.
Casting: Foxfire (safe; 1% risk of failure)
Confirm with . or Enter, or press ? or * to list all spells.
Casting: Flame Wave (safe; 1% risk of failure)
Press: ? - help, Dir - look around, f - activate A wave of flame ripples out!
The flame wave engulfs the skeletal warrior but does no damage.
The skeletal warrior is lightly damaged.
The flame wave engulfs the skeletal warrior but does no damage. (Press . to intensify the flame waves.)
The skeletal warrior hits you with a +0 glaive!
The skeletal warrior hits you but does no damage.
A wave of flame ripples out!
The flame wave engulfs the skeletal warrior.
The skeletal warrior is lightly damaged.
The flame wave engulfs the skeletal warrior!
The skeletal warrior is lightly damaged.
The skeletal warrior hits you with a +0 glaive.
The skeletal warrior hits you with a +0 mace!
* * * LOW HITPOINT WARNING * * *
A wave of flame ripples out!
The flame wave engulfs the skeletal warrior.
The skeletal warrior is lightly damaged.
The flame wave engulfs the skeletal warrior!
The skeletal warrior is moderately damaged.
You finish channelling waves of flame.
The skeletal warrior hits you with a +0 glaive.
* * * LOW HITPOINT WARNING * * *
The skeletal warrior barely misses you.
The skeletal warrior hits you but does no damage.
The skeletal warrior throws a stone.
The stone hits you but does no damage.
There is a stone staircase leading up here.
The skeletal warrior throws a stone.
The stone hits you but does no damage.
The skeletal warrior hits you from afar with a +0 glaive!
You die...

#..# ##..### ##..###. ##
#..###.....# ##..## ##
.######...#......#
###..##
.................#
##..###
######...........# ##..##
##..........####..##
##...(...>..##...##
##........z......##
##.........z.@...##
#......>.........#
#......).........#
##...............## #####
#####............####...#
##..................###
##.....<.............###
#...............^......
#......................


You could see 2 skeletal warriors.

Vanquished Creatures
  A boulder beetle (D:11)
  4 two-headed ogres
  Sonja (D:10)
  A skeletal warrior (D:11)
  An oklob plant (D:11)
  An ugly thing (D:9)
  A cyclops (D:11)
  Maggie (D:8)
  2 trolls
  Prince Ribbit (D:8)
  2 hornets
  2 vampires (D:11)
  A wraith (D:9)
  2 wyverns (D:9)
  16 yaks
  2 vampire mosquitoes (D:11)
  2 steam dragons
  2 acid dragons
  6 orc warriors
  Pargi (Sewer)
  3 sky beasts
  2 black bears (D:6)
  5 centaurs
  2 phantoms
  3 kobold brigands
  4 bullfrogs
  A scorpion (D:5)
  A gnoll sergeant (D:11)
  A wyvern zombie (D:8)
  2 water moccasin skeletons (D:5)
  11 killer bees
  A centaur zombie (D:6)
  A howler monkey (D:7)
  2 bullfrog skeletons
  A bullfrog zombie (D:7)
  4 orc priests
  A gnoll shaman (D:7)
  6 orc wizards
  3 iguanas
  A hound zombie (D:5)
  A hound skeleton (D:5)
  A howler monkey zombie (D:9)
  12 gnolls
  2 howler monkey skeletons
  3 adders
  3 ufetubi (D:6)
  3 worms
  29 orcs
  3 bat zombies (D:4)
  7 endoplasms
  6 giant cockroaches
  4 goblins
  8 hobgoblins
  5 quokkas
  6 ball pythons
  4 bats
  7 frilled lizards
  17 kobolds
  9 rats
  4 rat zombies (D:4)
239 creatures vanquished.

Vanquished Creatures (collateral kills)
  A foxfire (D:1)
1 creature vanquished.

Vanquished Creatures (others)
  2 kobolds (D:8)
  660 foxfires
  11 plants (D:11)
  A withered plant (D:1)
674 creatures vanquished.

Grand Total: 914 creatures vanquished

Notes
Turn   | Place    | Note
-------+----------+-------------------------------------------
     0 | D:1      | funkygono the Gargoyle Fire Elementalist began the quest
                  | for the Orb.
     0 | D:1      | Reached XP level 1. HP: 10/10 MP: 3/3
   410 | D:1      | Reached XP level 2. HP: 15/15 MP: 0/5
   413 | D:1      | Learned a level 2 spell: Scorch
   715 | D:1      | Found Siwip's Book Emporium.
  1117 | D:1      | Reached XP level 3. HP: 19/19 MP: 4/6
  1121 | D:1      | Learned a level 3 spell: Conjure Flame
  1144 | D:1      | Found a faded altar of an unknown god.
  1149 | D:1      | Got the Grimoire of Love and Death
  1556 | D:2      | Reached XP level 4. HP: 21/24 MP: 1/7
  2586 | D:3      | Found a glowing drain.
  2635 | Sewer    | Entered a sewer
  2758 | Sewer    | Noticed Pargi
  2763 | Sewer    | Killed Pargi
  2764 | Sewer    | Reached XP level 5. HP: 26/28 MP: 0/10
  2777 | Sewer    | Learned a level 4 spell: Flame Wave
  3111 | D:3      | Found an iron altar of Okawaru.
  3259 | D:3      | Found a burning altar of Makhleb.
  3370 | D:3      | Reached XP level 6. HP: 32/32 MP: 5/11
  3602 | D:3      | Found an opulent altar of Gozag.
  3606 | D:3      | Found Gozag's Platinum Reserve.
  4162 | D:4      | Paralysed by a hobgoblin for 7 turns
  4517 | D:4      | Found an ancient bone altar of Kikubaaqudgha.
  4584 | D:4      | Identified a scroll of acquirement
  4584 | D:4      | Acquired the +0 pair of boots "Retiups" {Int+4}
  4594 | D:4      | Learned a level 1 spell: Sting
  4623 | D:5      | Entered Level 5 of the Dungeon
  4623 | D:5      | Found Yrenoe's Assorted Antiques.
  4656 | D:5      | Reached skill level 5 in Fire Magic
  4841 | D:5      | Reached XP level 7. HP: 36/36 MP: 5/13
  5051 | D:5      | Identified the +5 short sword "Morus" {spect, rC+ rN+}
  5798 | D:5      | Learned a level 4 spell: Olgreb's Toxic Radiance
  5845 | D:6      | Reached skill level 1 in Maces & Flails
  5845 | D:6      | Reached skill level 5 in Spellcasting
  6039 | D:6      | Reached XP level 8. HP: 42/42 MP: 8/15
  6115 | D:6      | Found Dievve Baro's Magic Scroll Emporium.
  6509 | D:6      | Found a white marble altar of Elyvilon.
  6729 | D:6      | Found a basalt altar of Yredelemnul.
  6804 | D:6      | Found a sparkling altar of Nemelex Xobeh.
  6996 | D:6      | Learned a level 3 spell: Stone Arrow
  7128 | D:7      | Found a broken altar of Ashenzari.
  7177 | D:7      | Found a staircase to the Ecumenical Temple.
  7196 | Temple   | Entered the Ecumenical Temple
  7296 | Temple   | Became a worshipper of Vehumet
  7797 | D:7      | Reached skill level 1 in Fighting
  8203 | D:7      | Identified the +6 spear of Roroawkuemm {spect, rF+ rC+
                  | rCorr}
  8397 | D:8      | Noticed Maggie
  8446 | D:8      | Killed Maggie
  8447 | D:8      | Reached XP level 9. HP: 44/47 MP: 2/19
  8573 | D:8      | Reached skill level 5 in Conjurations
  9078 | D:8      | Noticed Prince Ribbit
  9089 | D:8      | Killed Prince Ribbit
  9089 | D:8      | Reached * piety under Vehumet
  9089 | D:8      | Offered knowledge of Freeze by Vehumet.
  9194 | D:8      | Identified the ring "Fexzext" {Wiz Fly rF+ Int+4}
  9428 | D:8      | Found a hazy altar of Hepliaklqana.
  9428 | D:8      | Found an ornate altar of the Wu Jian Council.
  9430 | D:8      | Found a glowing silver altar of Zin.
  9430 | D:8      | Found a snail-covered altar of Cheibriados.
  9622 | D:9      | Found a runed translucent door.
  9622 | D:9      | Noticed a green ugly thing
  9623 | D:9      | Noticed a two-headed ogre
  9626 | D:9      | Noticed a two-headed ogre
  9715 | D:9      | Killed a two-headed ogre
  9716 | D:9      | Reached skill level 1 in Earth Magic
  9716 | D:9      | Reached skill level 1 in Poison Magic
  9716 | D:9      | Reached XP level 10. HP: 39/52 MP: 11/22
  9934 | D:9      | Noticed a two-headed ogre
  9946 | D:9      | HP: 1/52 [two-headed ogre (9)]
  9954 | D:9      | Killed a two-headed ogre
 10298 | D:9      | Noticed a two-headed ogre
 10303 | D:9      | Killed a two-headed ogre
 10304 | D:9      | Reached skill level 1 in Armour
 10344 | D:9      | Noticed a green ugly thing
 10398 | D:9      | Killed a green ugly thing
 10440 | D:9      | Found a runed translucent door.
 10440 | D:9      | Found a runed translucent door.
 10440 | D:9      | Noticed a centaur warrior
 10453 | D:9      | Reached XP level 11. HP: 56/56 MP: 15/24
 10456 | D:9      | Offered knowledge of Searing Ray by Vehumet.
 10461 | D:9      | Reached ** piety under Vehumet
 11311 | D:9      | Learned a level 2 spell: Searing Ray
 11326 | D:10     | Entered Level 10 of the Dungeon
 11327 | D:10     | Found a glowing golden altar of the Shining One.
 11517 | D:10     | Found a runed translucent door.
 11518 | D:10     | Noticed benappo's ghost (journeyman DjCj)
 11722 | D:10     | Reached skill level 10 in Fire Magic
 12451 | D:10     | Noticed Sonja
 12460 | D:10     | Killed Sonja
 12954 | D:11     | Reached skill level 10 in Spellcasting
 13223 | D:11     | Identified the +1 leather armour of Tomavob {Int+2}
 13479 | D:11     | Noticed a boulder beetle
 13487 | D:11     | Killed a boulder beetle
 13487 | D:11     | Offered knowledge of Ignite Poison by Vehumet.
 13679 | D:11     | Noticed an oklob plant
 13683 | D:11     | Found a staircase to the Lair.
 13686 | D:11     | Killed an oklob plant
 14084 | D:11     | Noticed a two-headed ogre
 14090 | D:11     | Killed a two-headed ogre
 14091 | D:11     | Reached XP level 12. HP: 62/62 MP: 21/26
 14195 | D:11     | Reached *** piety under Vehumet
 14630 | D:11     | Slain by a skeletal warrior

Illustrated notes

Levels and vault maps discovered:
D:1:      doesnt_arrival_eight_statues, layout_loops_corners,
          ebering_ecumenical_altar_petrified, serial_shops,
          nicolae_shop_hallway_stairs, minmay_strange_pillars, st_stairs_2
D:2:      layout_loops_ring, hangedman_decor_diamond_cutter
D:3:      layout_rooms, mainiacjoe_overflow_brackets, okawaru_trees_2,
          nicolae_gozag_zags_fifth_avenue, portal_sewer_entry_f,
          kennysheep_cluttered_room
D:4:      cheibrodos_quashed, layout_loops_ring,
          lemuel_zombie_altar_kikubaaqudgha
D:5:      layout_basic, nicolae_stop_n_shop_1
D:6:      layout_basic, kennysheep_little_box, nemelex_altar_shiori,
          yredelemnul_altar_generic, serial_shops, shop_fountains
D:7:      layout_basic, mainiacjoe_overflow_alcove_4,
          minmay_temple_entry_crystal_x
D:8:      nicolae_BIG_FREAKIN_CUBE, layout_basic, mainiacjoe_overflow_alcove_3,
          uniq_maggie, uniq_prince_ribbit1
D:9:      minmay_the_grid_triangle_9x9_rhombus_full
          [minmay_the_grid_triangle_9x9_negative_grid,
          minmay_the_grid_triangle_9x9_cache,
          minmay_the_grid_triangle_9x9_dagger,
          minmay_the_grid_triangle_9x9_descending_squares,
          minmay_the_grid_triangle_9x9_warning,
          minmay_the_grid_triangle_9x9_alien,
          minmay_the_grid_triangle_9x9_tough_junction,
          minmay_the_grid_triangle_9x9_prize_special], layout_loops_ring,
          minmay_crystal_room, amcnicky_mini_pool_small, minmay_st_funbox
D:10:     layout_layer_cave, tso_metal_star, hellmonk_ghost_big_iron, uniq_sonja
D:11:     layout_cave_pods, dpeg_oklobed_lair
Temple:   compressed_dpeg_triangle_lava_temple

Skill      XL: |  1  2  3  4  5  6  7  8  9 10 11 12 |
---------------+-------------------------------------+-----
Fire Magic     | 4 5 6 7 9 10 | 10.5
Spellcasting   | 3 4 5 6 8 9 10 | 10.5
Conjurations   | 2 3 4 6 7 8 9 |  9.0
Dodging        | 2 |  2.9
Maces & Flails | 1 2 3 |  3.5
Fighting       | 1 2 |  2.2
Earth Magic    | 1 2 4 |  4.6
Poison Magic   | 1 2 4 |  4.4
Armour         | 1 4 |  4.2
Stealth        | |  2.1

Action                   |  1- 3 |  4- 6 |  7- 9 | 10-12 || total
-------------------------+-------+-------+-------+-------++-------
Melee: Dagger            |     5 |       |       |       ||     5
       Unarmed           |     3 |       |       |       ||     3
       Club              |     2 |       |       |       ||     2
       Whip              |       |    26 |    14 |       ||    40
       Flail             |       |       |    21 |    59 ||    80
 Cast: Foxfire           |    32 |    99 |   176 |    99 ||   406
       Scorch            |     1 |    28 |    34 |     5 ||    68
       Stone Arrow       |       |       |     3 |    89 ||    92
       Flame Wave        |       |       |     2 |     7 ||     9
       Conjure Flame     |       |       |     1 |       ||     1
       Olgreb's Toxic Ra |       |       |       |    10 ||    10
  Use: Scroll            |       |    12 |     9 |     2 ||    23
       Potion            |       |       |       |     4 ||     4
Armor: Robe              |    11 |    15 |    48 |    23 ||    97
       Acid dragon scale |       |       |       |    47 ||    47
Dodge: Dodged            |    19 |    27 |    60 |    76 ||   182

Table legend: (Time is in decaauts)
 A = Elapsed time spent in this place.
 B = Non-inter-level travel time spent in this place.
 C = Inter-level travel time spent in this place.
 D = Time resting spent in this place.
 E = Time spent auto-exploring this place.
 F = Levels seen in this place.
 G = Mean time per level.
                   A        B        C        D        E       F      G
               +--------+--------+--------+--------+--------+-----+--------+
         Total |  14683 |  14323 |    360 |   1069 |  11307 |  13 | 1129.5 |
       Dungeon |  13998 |  13642 |    356 |    987 |  10803 |  11 | 1272.5 |
        Temple |    339 |    335 |      4 |      0 |    320 |   1 |  339.0 |
         Sewer |    345 |    345 |      0 |     82 |    184 |   1 |  345.0 |
               +--------+--------+--------+--------+--------+-----+--------+

Top non-repeatable levels by time:
    D:10: 1845 daAuts
     D:9: 1787 daAuts
     D:1: 1522 daAuts
    D:11: 1465 daAuts
     D:6: 1244 daAuts
     D:5: 1194 daAuts
     D:7: 1108 daAuts
     D:2: 1031 daAuts
     D:8: 1017 daAuts
     D:4: 966 daAuts
     D:3: 814 daAuts
   Sewer: 345 daAuts
  Temple: 339 daAuts
